 Dungeon Crawl Stone Soup version 0.28-a0-1594-ga885d4b3d6 (webtiles) character file.

Game seed: 7692111037816763646

53 grumblor the Skirmisher (level 3, -5/29 HPs)
             Began as a Mummy Fighter on Jan 21, 2022.
             Slain by a gnoll (10 damage)
             ... on level 2 of the Dungeon.
             The game lasted 00:04:14 (2887 turns).

grumblor the Skirmisher (Mummy Fighter)             Turns: 2887, Time: 00:04:14

Health: -5/29      AC:  7    Str: 21    XL:     3   Next: 64%
Magic:  3/3        EV:  9    Int:  7    God:
Gold:   81         SH:  5    Dex: 17    Spells: 2/2 levels left

rFire   x . .      SeeInvis .   a - +0 war axe
rCold   + . .      Faith    .   c - +0 buckler
rNeg    + + +      Spirit   .   b - +0 scale mail
rPois   ∞          Reflect  .   (no helmet)
rElec   .          Harm     .   (no cloak)
rCorr   .          Rampage  .   (no gloves)
Will    .....                   e - +0 pair of boots
Stlth   ..........              (no amulet)
HPRegen 0.09/turn               j - +6 ring of dexterity
MPRegen 0.08/turn               (no ring)

@: no status effects
A: cold resistance 1, negative energy resistance 3, torment resistance 2, heat
vulnerability 1, no potions
a: no special abilities


You were on level 2 of the Dungeon.
You visited 1 branch of the dungeon, and saw 2 of its levels.

You collected 81 gold pieces.

Inventory:

Hand Weapons
 a - a +0 war axe (weapon)
Missiles
 g - a boomerang (quivered)
Armour
 b - a +0 scale mail (worn)
 c - a +0 buckler (worn)
 e - a +0 pair of boots (worn)
Jewellery
 j - a +6 ring of dexterity (left hand)
Scrolls
 d - a scroll of enchant armour {unknown}
 f - 2 scrolls of enchant weapon
 h - a scroll of teleportation {unknown}


   Skills:
 * Level 3.4 Fighting
 + Level 2.0 Axes
 * Level 0.4 Throwing
 + Level 2.7 Armour
 * Level 0.9 Dodging
 + Level 2.5 Shields


You had 2 spell levels left.
You didn't know any spells.
Your spell library contained the following spells:

 Spells                   Type           Power      Damage    Failure   Level
 Gell's Gravitas          Tloc           0%         N/A       99%         3
 Teleport Other           Tloc           0%         N/A       99%         3
 Dispersal                Tloc           0%         N/A       100%        6


Dungeon Overview and Level Annotations

Branches:
Dungeon (2/15)

Altars:

Shops:
D:2 (


Innate Abilities, Weirdness & Mutations

You are immune to poison.
Your flesh is cold resistant. (rC+)
You are immune to negative energy. (rN+++)
You are immune to unholy pain and torment.
You are vulnerable to heat. (rF-)
You do not drink.


Message History

Aim: a gnoll, wielding a +0 club (64% to hit)
You throw a boomerang.
The boomerang closely misses the gnoll. x3
The gnoll hits you from afar with a +0 spear.
Unknown command.
Throw: boomerang
Press: ? - help, Q - select action Shift-Dir - straight line, f/p - gnoll
Aim: a gnoll, wielding a +0 club (64% to hit)
You throw a boomerang. The boomerang hits the gnoll!
You kill the gnoll!
Unknown command.
There is a stone staircase leading up here.
The gnoll closely misses you.
You climb upwards.
There is a stone staircase leading down here.
You start resting.
HP restored.
You start waiting.
Done waiting.
You climb downwards.
You block the gnoll's attack. The gnoll misses you.
There is a stone staircase leading up here.
You hit the gnoll but do no damage. You barely miss the gnoll.
The gnoll hits you with a +0 halberd! The gnoll hits you but does no damage.
You hit the gnoll.
The gnoll is moderately wounded.
You hit the gnoll. The gnoll barely misses you.
The gnoll hits you with a +0 club. The gnoll barely misses you.
You hit the gnoll but do no damage.
The gnoll is moderately wounded.
You closely miss the gnoll. The gnoll closely misses you. x2
You block the gnoll's attack.
You hit the gnoll.
The gnoll is severely wounded.
You barely miss the gnoll. The gnoll hits you with a +0 halberd!
* * * LOW HITPOINT WARNING * * *
The gnoll hits you with a +0 club.
* * * LOW HITPOINT WARNING * * *
You hit the gnoll.
The gnoll is severely wounded.
You hit the gnoll but do no damage. The gnoll hits you with a +0 halberd!
You die...

#.#.........#......###..##
######.#....#######..†........#
#....#.#)........#.)####.#.)###
#....#.#........#...# #.#..# #
#....#.#............####.#..###
#....#.#.......#.........#..#..
#............#############..#.#
#....#.#####.###########.#.)...
####.#.# #.#@g.........##.###
#.#!# ##.#g#########.##.# #
######.#.# #..#.#............# #
.......#.# #.##)#.#######.####
########.# #.##.#.# #.#
#.####.##.#.##### #.#
#..........=....# #.######
#############.##.#.....# #.!.....
.......######....################


You could see 2 gnolls.

Vanquished Creatures
  A gnoll (D:2)
  An adder (D:2)
  A worm (D:2)
  2 dart slugs (D:2)
  A ball python (D:2)
  A bat (D:2)
  4 endoplasms
  2 giant cockroaches
  3 goblins (D:2)
  2 hobgoblins (D:1)
  4 kobolds
  A quokka (D:1)
  2 frilled lizards
  2 rats
27 creatures vanquished.

Notes
Turn   | Place    | Note
-------+----------+-------------------------------------------
     0 | D:1      | grumblor the Mummy Fighter began the quest for the Orb.
     0 | D:1      | Reached XP level 1. HP: 18/18 MP: 1/1
   798 | D:1      | Reached XP level 2. HP: 22/24 MP: 2/2
   851 | D:1      | Found a faded altar of an unknown god.
  1505 | D:2      | Found Mugux's Antique Weapon Emporium.
  1679 | D:2      | Reached XP level 3. HP: 29/29 MP: 3/3
  2034 | D:2      | Found the +4 robe of Augmentation {Str+4 Int+4 Dex+4}
  2887 | D:2      | Slain by a gnoll

Illustrated notes

Levels and vault maps discovered:
D:1:      saegor_arrival_under_anarchy, layout_basic,
          shapermc_ecumenical_altar_ellora, minmay_liquid_box
D:2:      layout_basic, serial_shops, nicolae_shop_advertising_works
          [nicolae_subvault_shop_adworks]

Skill      XL: |  1  2  3 |
---------------+----------+-----
Axes           | 2 |  2.0
Fighting       | |  3.4
Throwing       | |  0.4
Armour         | |  2.7
Dodging        | |  0.9
Shields        | |  2.5

Action                   || total
-------------------------++-------
Melee: War axe           ||   105
Throw: Dart              ||     6
       Boomerang         ||     2
  Use: Scroll            ||     4
Armor: Scale mail        ||    39
Dodge: Dodged            ||    54
Block: Buckler           ||    22

Table legend: (Time is in decaauts)
 A = Elapsed time spent in this place.
 B = Non-inter-level travel time spent in this place.
 C = Inter-level travel time spent in this place.
 D = Time resting spent in this place.
 E = Time spent auto-exploring this place.
 F = Levels seen in this place.
 G = Mean time per level.
                   A        B        C        D        E       F      G
               +--------+--------+--------+--------+--------+-----+--------+
         Total |   2938 |   2893 |     45 |    500 |   2054 |   2 | 1469.0 |
       Dungeon |   2938 |   2893 |     45 |    500 |   2054 |   2 | 1469.0 |
               +--------+--------+--------+--------+--------+-----+--------+

Top non-repeatable levels by time:
     D:1: 1763 daAuts
     D:2: 1175 daAuts
